 Dungeon Crawl Stone Soup version 0.19.0-2-gae57169 (webtiles) character file.

112 Monsterracer the Shield-Bearer (level 4, 0/41 HPs)
             Began as a Minotaur Fighter on Nov 6, 2016.
             Slain by Grinder (6 damage)
             ... while paralysed by Grinder
             ... on level 3 of the Dungeon.
             The game lasted 00:07:55 (1891 turns).

Monsterracer the Shield-Bearer (Minotaur Fighter)   Turns: 1891, Time: 00:07:56

Health: 0/41       AC:  3    Str: 19 (21) XL:     4   Next: 64%
Magic:  3/3        EV:  2    Int:  2 (5)  God:
Gold:   112        SH:  0    Dex:  9 (10) Spells: 0 memorised, 3 levels left

rFire  . . .     SeeInvis .     a - +0 war axe
rCold  . . .     Gourm    .     r - +0 leather armour (curse)
rNeg   + . .     Faith    .     c - +0 shield
rPois  .         Spirit   .     (helmet unavailable)
rElec  .         Reflect  +     (no cloak)
rCorr  .         Harm     .     (no gloves)
MR     .....                    (no boots)
Stlth  +.........               q - +3 amulet of reflection
                                (no ring)
                                o - ring of positive energy

@: paralysed, drained
A: retaliatory headbutt, horns 3
a: no special abilities


You were on level 3 of the Dungeon.
You were not hungry.

You visited 1 branch of the dungeon, and saw 3 of its levels.

You collected 112 gold pieces.

Inventory:

Hand Weapons
 a - a +0 war axe (weapon)
Armour
 b - a +0 scale mail
 c - a +0 shield (worn)
 r - a cursed +0 leather armour (worn)
Jewellery
 o - a ring of positive energy (left hand)
 q - a +3 amulet of reflection (around neck)
Scrolls
 e - 2 scrolls of remove curse {unknown}
 h - a scroll of fear {unknown}
 i - 2 scrolls of teleportation {unknown}
 k - a scroll of random uselessness {unknown}
 l - a scroll of amnesia {unknown}
 m - a scroll of blinking {unknown}
 n - a scroll of recharging {unknown}
 s - a scroll of identify {unknown}
 u - a scroll of magic mapping {unknown}
Potions
 d - a potion of might
 g - 2 potions of curing
 v - a potion of berserk rage
Comestibles
 f - 2 bread rations
 j - 6 chunks of flesh
 p - 4 fruits
 t - a meat ration


   Skills:
 + Level 4.3(3.3) Fighting
 * Level 4.1(3.1) Axes
 + Level 4.3(3.2) Armour
 + Level 4.4(3.4) Shields


You had 3 spell levels left.
You didn't know any spells.

Dungeon Overview and Level Annotations

Branches:
Dungeon (3/15)

Altars:
Dithmenos
Ru

Annotations:
D:3 Grinder


Innate Abilities, Weirdness & Mutations

You reflexively headbutt those who attack you in melee.
You have a pair of large horns on your head.


Message History

Grinder gestures at you.
You shrug off the repeated paralysis!
The giant cockroach closely misses you. Grinder gestures at you.
You shrug off the repeated paralysis!
You hit Grinder but do no damage.
Grinder is severely wounded.
You slash the giant cockroach!
You kill the giant cockroach!
You block Grinder's attack.
You closely miss Grinder. Your headbutt misses Grinder.
Grinder is severely wounded.
Grinder hits you!
You writhe in agony.
Grinder gestures at you.
You suddenly lose the ability to move!
Grinder hits you!
* * * LOW HITPOINT WARNING * * *
You writhe in agony.
* * * LOW HITPOINT WARNING * * *
Grinder hits you.
You die...

..... ##. $ .... ##
..# ... # ...###.#
#########
#...[.#######........
#.................
#..#######........
#..# ########. #@##
#.. #.5# #.# #..# #.#
...# ##.# #...# #..#
#.### #####.## #.
#.....#. #. #.....#.
#.....#.


You could see Grinder.

Vanquished Creatures
  3 adders
  3 dart slugs (D:1)
  3 leopard geckos
  9 orcs (D:3)
  7 giant cockroaches
  6 goblins
  2 hobgoblins (D:1)
  8 jackals (D:3)
  4 kobolds
  3 quokkas
  4 bats
  3 frilled lizards
  7 rats
62 creatures vanquished.

Notes
Turn   | Place    | Note
-------+----------+-------------------------------------------
     0 | D:1      | Monsterracer the Minotaur Fighter began the quest for the Orb.
     0 | D:1      | Reached XP level 1. HP: 19/19 MP: 0/0
    88 | D:1      | Reached XP level 2. HP: 22/27 MP: 1/1
   568 | D:1      | Reached XP level 3. HP: 33/33 MP: 2/2
   653 | D:2      | Found a sacrificial altar of Ru.
  1410 | D:3      | Reached XP level 4. HP: 35/40 MP: 3/3
  1430 | D:3      | Gained mutation: You possess an exceptional clarity of mind. [potion of mutation]
  1430 | D:3      | Lost mutation: You possess an exceptional clarity of mind. [potion of mutation]
  1430 | D:3      | Gained mutation: You have a pair of large horns on your head. [potion of mutation]
  1744 | D:2      | Found a shadowy altar of Dithmenos.
  1879 | D:3      | Noticed Grinder
  1885 | D:3      | Paralysed by Grinder for 2 turns
  1889 | D:3      | Paralysed by Grinder for 3 turns
  1891 | D:3      | Slain by Grinder

Skill      XL: |  1  2  3  4 |
---------------+-------------+-----
Shields        | 4 |  4.4
Axes           | 3 4 |  4.1
Armour         | 4 |  4.3
Fighting       | 4 |  4.3

Action                   |  1- 3 |  4- 6 || total
-------------------------+-------+-------++-------
Melee: War axe           |    93 |    83 ||   176
       Headbutt          |     9 |     4 ||    13
  Use: Potion            |     3 |     2 ||     5
  Eat: Chunk             |     2 |     2 ||     4
Armor: Scale mail        |    40 |       ||    40
       Leather armour    |     6 |    23 ||    29
Dodge: Dodged            |    36 |    22 ||    58
Block: Shield            |    64 |    65 ||   129
       Reflection        |     1 |     2 ||     3
